 Dungeon Crawl Stone Soup version 0.17-a0-1562-g9b2c768 (webtiles) character file.

16362 ololoev the Carver (level 12, -5/84 HPs)
             Began as a Vampire Warper on July 20, 2015.
             Was a Believer of Ru.
             Slain by a komodo dragon (13 damage)
             ... on level 3 of the Lair of Beasts.
             The game lasted 01:01:41 (17046 turns).

ololoev the Carver (Vampire Warper)                Turns: 17046, Time: 01:01:41

Health: -5/84      AC: 13    Str: 17    XL:     12   Next: 9%
Magic:  14/14      EV:  2    Int: 16    God:    Ru [**....]
Gold:   711        SH:  0    Dex: 19    Spells: 0 memorised, 14 levels left

rFire  + . .     SeeInvis +     a - +1 falchion (slice)
rCold  + . .     Clarity  .     z - +1 troll leather armour
rNeg   + + +     SustAt   .     (no shield)
rPois  ∞         Gourm    .     (no helmet)
rElec  .         Spirit   .     m - +1 cloak
rCorr  .         Warding  .     D - +2 pair of gloves
rMut   .         Stasis   .     i - +0 pair of boots
MR     +....                    (no amulet)
Stlth  ..........               n - ring of protection from cold
                                B - ring of protection from fire

@: mighty, agile, petrified, very slightly contaminated, regenerating quickly,
somewhat resistant to hostile enchantments, extremely unstealthy
A: fangs 3, see invisible, weak 1, unbreathing, no stealth, unskilled 1
a: Renounce Religion


Innate Abilities, Weirdness & Mutations

Your natural rate of healing is unusually fast.
You have razor-sharp teeth.
You have supernaturally acute eyesight.
You are weak. (Str -2)
You can survive without breathing.
You cannot be stealthy.
You are somewhat unskilled (-1 Apt).

Inventory:

Hand weapons
 a - a +1 falchion of slicing (weapon)
 b - a +0 blowgun
 C - a +0 scimitar
Missiles
 k - 35 poisoned needles
 r - 5 javelins (quivered)
 G - a throwing net
Armour
 i - a +0 pair of boots (worn)
 m - a +1 cloak (worn)
 z - a +1 troll leather armour (worn)
 D - a +2 pair of gloves (worn)
Jewellery
 n - a ring of protection from cold (right hand)
 B - a ring of protection from fire (left hand)
Magical devices
 g - a wand of paralysis (2)
 t - a wand of lightning (8)
 u - a wand of fire (7)
 v - a wand of paralysis (10)
 w - a wand of heal wounds (0)
 E - a wand of fire (10)
 H - a wand of confusion (25)
 I - a wand of teleportation (5)
Scrolls
 f - a scroll of immolation
 l - 2 scrolls of remove curse
 x - a scroll of fog
 F - 3 scrolls of magic mapping
Potions
 e - 2 potions of magic
 h - 3 potions of heal wounds
 j - 2 potions of flight
 q - 2 potions of curing
 A - a potion of haste {unknown}
Books
 c - a book of Spatial Translocations

   Spells                             Type                      Level
   a - Apportation                    Translocation                1
   b - Blink                          Translocation                2
   c - Shroud of Golubria             Charms/Translocation         2
   d - Portal Projectile              Translocation                3
   e - Teleport Other                 Translocation                3
   f - Passage of Golubria            Translocation                4


   Skills:
 + Level 4.7 Fighting
 * Level 12.5 Long Blades
 + Level 6.4 Throwing
 + Level 7.3 Armour
 - Level 2.0 Dodging
 - Level 1.7 Spellcasting
   Level 2.1 Translocations
 - Level 3.3 Evocations


You had 14 spell levels left.
You didn't know any spells.


You were on level 3 of the Lair of Beasts.
You worshipped Ru.
Ru was pleased with you.
You were very full.

You visited 4 branches of the dungeon, and saw 16 of its levels.
You also visited: Sewer.

You collected 711 gold pieces.

......(...............##
.......................P
.....(.<................
........................
........................
...........((............
P......#....#...........#
...#####.####†.........##
....## #@####...r..l)....
.........##l#.#..F...#..÷..#
...................###.....#
.F.........†....>.###.....#
.................P##l....#
#.....#P.#†.....##.#....#
##.....††........##....##
#.....................#
#?......................

Notes
Turn   | Place    | Note
--------------------------------------------------------------
     0 | D:1      | ololoev the Vampire Warper began the quest for the Orb.
     0 | D:1      | Reached XP level 1. HP: 16/16 MP: 3/3
    61 | D:1      | You fall through a shaft!
    68 | D:2      | Reached skill level 1 in Armour
   205 | D:2      | Reached XP level 2. HP: 22/22 MP: 5/5
   267 | D:2      | Found a blossoming altar of Fedhas.
   353 | D:2      | Found a shimmering altar of Xom.
   697 | D:2      | Found a glowing silver altar of Zin.
   742 | D:1      | Reached skill level 3 in Long Blades
  1028 | D:1      | Reached XP level 3. HP: 23/27 MP: 6/6
  1199 | D:3      | Reached skill level 4 in Long Blades
  1395 | D:3      | Reached XP level 4. HP: 31/33 MP: 7/7
  1981 | D:4      | Reached XP level 5. HP: 29/38 MP: 8/8
  2112 | D:4      | Noticed a phantom
  2121 | D:4      | Killed a phantom
  2121 | D:4      | Reached skill level 5 in Long Blades
  2121 | D:4      | Reached skill level 1 in Evocations
  2122 | D:4      | Reached XP level 6. HP: 23/44 MP: 9/9
  2127 | D:4      | Found a burning altar of Makhleb.
  2554 | D:4      | Noticed a big kobold
  2568 | D:4      | Killed a big kobold
  3083 | D:4      | Found a deep blue altar of Sif Muna.
  3123 | D:5      | Entered Level 5 of the Dungeon
  3268 | D:5      | Reached skill level 6 in Long Blades
  3268 | D:5      | Reached skill level 1 in Throwing
  3268 | D:5      | Reached XP level 7. HP: 47/49 MP: 10/10
  3324 | D:5      | Found a glowing drain.
  3358 | Sewer    | Entered a sewer
  4354 | D:5      | Reached skill level 7 in Long Blades
  4392 | D:5      | Reached XP level 8. HP: 39/55 MP: 11/11
  4393 | D:5      | Found Usihug's Book Shoppe.
  4749 | D:5      | Noticed Grinder
  4767 | D:5      | Killed Grinder
  5475 | D:6      | Reached skill level 8 in Long Blades
  5645 | D:6      | Found Tanweal's Jewellery Shoppe.
  5714 | D:6      | Noticed Duvessa
  5715 | D:6      | Noticed Dowan
  5739 | D:6      | Killed Duvessa
  5749 | D:6      | Killed Dowan
  5758 | D:6      | Found a sparkling altar of Nemelex Xobeh.
  6702 | D:6      | Noticed Crazy Yiuf
  6711 | D:6      | Killed Crazy Yiuf
  6777 | D:6      | Reached skill level 9 in Long Blades
  6777 | D:6      | Reached XP level 9. HP: 57/61 MP: 12/12
  6940 | D:7      | Found a snail-covered altar of Cheibriados.
  7010 | D:7      | Found a staircase to the Ecumenical Temple.
  7019 | Temple   | Entered the Ecumenical Temple
  7090 | Temple   | Became a worshipper of Ru the Awakened
  7635 | D:8      | Reached skill level 5 in Armour
  7845 | D:8      | Found a shimmering altar of Xom.
  8047 | D:8      | Found an ancient bone altar of Kikubaaqudgha.
  8097 | D:8      | Found a staircase to the Lair.
  8206 | D:8      | Noticed a fire drake
  8229 | D:8      | Killed a fire drake
  8229 | D:8      | Reached skill level 10 in Long Blades
  8359 | D:8      | Gained mutation: You are somewhat unskilled (-1 Apt). [Ru sacrifice]
  8359 | D:8      | Reduced skill Long Blades to level 9
  8359 | D:8      | Reduced skill Spellcasting to level 1
  8359 | D:8      | Acquired Ru's first power
  8519 | D:9      | Reached skill level 5 in Armour
  9015 | D:9      | Found a staircase to the Orcish Mines.
  9260 | D:9      | Reached XP level 10. HP: 51/66 MP: 12/12
  9477 | D:9      | Reached skill level 10 in Long Blades
 10217 | D:9      | Found a basalt altar of Yredelemnul.
 10264 | D:10     | Entered Level 10 of the Dungeon
 11160 | D:10     | Reached skill level 5 in Throwing
 11333 | D:10     | Noticed an unseen horror
 11366 | D:10     | Killed an unseen horror
 11706 | D:10     | Noticed an unseen horror
 11737 | D:10     | Killed an unseen horror
 11737 | D:10     | Reached skill level 11 in Long Blades
 12218 | D:10     | Reached XP level 11. HP: 49/73 MP: 13/13
 12677 | D:10     | Noticed a hill giant
 12677 | D:10     | Gained mutation: You cannot be stealthy. [Ru sacrifice]
 12677 | D:10     | Acquired Ru's second power
 12755 | D:10     | Killed a hill giant
 13141 | Orc:1    | Entered Level 1 of the Orcish Mines
 13686 | Lair:1   | Entered Level 1 of the Lair of Beasts
 15194 | Lair:2   | Reached skill level 12 in Long Blades
 15482 | Lair:1   | Gained mutation: You are weak. (Str -2) [Ru sacrifice]
 16803 | Lair:3   | Reached XP level 12. HP: 77/84 MP: 14/14
 16942 | Lair:3   | HP: 4/84 [poisoned by a spiny frog]
 17021 | Lair:3   | HP: 3/84 [spiny frog (12)]
 17046 | Lair:3   | Slain by a komodo dragon

Dungeon Overview and Level Annotations

Branches:
Dungeon (11/15)            Temple (1/1) D:7            Lair (3/8) D:8
    Orc (1/4) D:9
  Swamp: Lair:3-6    Shoals: Lair:3-6     Snake: Lair:3-6    Spider: Lair:3-6

Altars:
Ashenzari
Cheibriados
Dithmenos
Elyvilon
Fedhas
Gozag
Kikubaaqudgha
Makhleb
Nemelex Xobeh
Qazlal
Ru
Sif Muna
Vehumet
Xom
Yredelemnul
Zin
The Shining One

Shops:
D:5 :   D:6 =


Message History

A basilisk comes into view.
The basilisk hisses angrily.
The basilisk gazes at you.
You easily resist.
Drink which item? (? for menu, Esc to quit)
You feel much better.
You slice the spiny frog!!
The spiny frog is heavily wounded.
The spiny frog completely misses you.
You closely miss the spiny frog.
The spiny frog is heavily wounded.
The spiny frog misses you.
You slash the spiny frog!
The spiny frog is almost dead.
The basilisk begins to attack, but is stunned by your will!
You hit the spiny frog.
You kill the spiny frog!
The porcupine barely misses you. The porcupine closely misses you.
You see here a spiny frog corpse.
You are struck by the porcupine's spines.
You hit the porcupine.
The porcupine is severely wounded.
You slash the porcupine!
You kill the porcupine!
The basilisk completely misses you.
You see here a porcupine corpse.
You miss the basilisk.
The basilisk hisses menacingly.
The basilisk gazes at you.
You are slowing down.
You slice the basilisk!!
The basilisk is severely wounded.
The basilisk bites you.
Your limbs are stiffening.
You slash the basilisk!
You kill the basilisk!
The komodo dragon closely misses you. The komodo dragon bites you.
You have turned to stone.
The komodo dragon bites you!! The komodo dragon bites you!! x2
You die...

You could see a komodo dragon.

Vanquished Creatures
  2 unseen horrors (D:10)
  A hill giant (D:10)
  4 elephants
  5 spiny frogs
  2 fire drakes
  3 komodo dragons (Lair:1)
  A merfolk (D:10)
  A troll (D:9)
  Grinder (D:5)
  3 blink frogs (Lair:1)
  6 yaks (D:10)
  A basilisk (Lair:3)
  2 hippogriffs
  A wraith (D:10)
  2 vampire mosquitoes (D:10)
  4 water moccasins
  Duvessa (D:6)
  2 orc warriors
  3 phantoms
  4 ogres
  A swamp drake (D:9)
  An eye of draining (D:9)
  8 porcupines
  3 sky beasts
  3 centaurs
  5 big kobolds
  An ice beast (D:9)
  6 crocodiles
  A gnoll sergeant (D:9)
  Dowan (D:6)
  3 scorpions
  7 giant frogs
  18 killer bees
  3 quasits
  8 crimson imps
  A giant frog zombie (D:6)
  4 hounds
  A wasp zombie (D:9)
  4 lava snakes (D:10)
  3 giant frog skeletons
  2 jellies
  Crazy Yiuf (D:6)
  A centaur skeleton (D:7)
  4 orc priests
  4 worker ants
  9 orc wizards
  9 iguanas
  A killer bee zombie (D:9)
  A hound zombie (D:7)
  9 adders
  30 river rats
  A worker ant zombie (D:7)
  13 gnolls
  A shadow imp (D:10)
  2 oozes
  2 adder zombies (D:7)
  2 adder skeletons
  A worm (D:3)
  10 giant geckos
  58 orcs
  A bat zombie (D:6)
  6 giant cockroaches
  8 goblins
  8 hobgoblins
  8 jackals
  29 kobolds
  4 quokkas
  7 ball pythons
  15 bats
  A giant gecko skeleton (D:4)
  6 giant newts
  A quokka zombie (D:8)
  7 rats
393 creatures vanquished.

Vanquished Creatures (collateral kills)
  An orc warrior (D:9)
  A giant frog (D:9)
  2 orc priests (D:9)
  An iguana (D:9)
  An orc (D:9)
6 creatures vanquished.

Vanquished Creatures (others)
  An elephant (Lair:1)
  A wyvern skeleton (D:9)
  A centaur skeleton (D:8)
  3 fungi
  3 plants (Lair:1)
  5 toadstools (D:1)
14 creatures vanquished.

Grand Total: 413 creatures vanquished

Action                   |  1- 3 |  4- 6 |  7- 9 | 10-12 || total
-------------------------+-------+-------+-------+-------++-------
Melee: Falchion          |   115 |       |   513 |   957 ||  1585
       Whip              |     9 |   174 |       |       ||   183
       Dagger            |       |    52 |   209 |       ||   261
 Fire: Blowgun           |       |       |    51 |   217 ||   268
Throw: Tomahawk          |     5 |       |       |       ||     5
       Javelin           |       |       |    12 |    12 ||    24
Invok: Sacrifice Skill   |       |       |     1 |       ||     1
       Sacrifice Purity  |       |       |       |     1 ||     1
       Sacrifice Stealth |       |       |       |     1 ||     1
Evoke: Wand              |       |       |       |    12 ||    12
  Use: Potion            |     1 |       |     2 |    16 ||    19
       Scroll            |     2 |    10 |     7 |    10 ||    29
 Stab: Sleeping          |       |       |     2 |     2 ||     4
       Distracted        |       |       |     1 |     1 ||     2
       Paralysed         |       |       |       |     7 ||     7
       Invisible         |       |       |       |     2 ||     2
  Eat: Corpse            |    10 |    11 |    36 |    39 ||    96

Vault maps used:
D:1:      ldierk_walled_garden
D:2:      overflow_temple_1_default, lemuel_round_altar, first_bread,
          fedhas_altar_4
D:4:      kennysheep_mini_moat, hangedman_decor_peaks_small,
          makhleb_heckhound_becter
D:5:      serial_shops, shop, portal_sewer_entry_f, uniq_grinder
D:6:      old_standard_altar, serial_shops, nicolae_shop_crystal,
          hangedman_decor_points, uniq_crazy_yiuf_cottage, uniq_duvessa
D:7:      lemuel_round_altar, temple_fountains, serial_curves, eino_curves_02,
          eino_curves_04, eino_curves_04, eino_curves_01
D:8:      kiku_gazebo_pond_becter, minmay_lair_entry_lava, basic_altar
D:9:      lemuel_round_altar, erik_orc_1
D:10:     hangedman_fish_farm, disabler_island
D:11:     uniq_harold
Temple:   oiseaux_autumnal_temple_12
Lair:3:   minmay_swamp_entry_swarm, serial_bayou_shore_b
Orc:1:    nicolae_orc_accident_3, amalloy_card_club
Sewer:    kennysheep_pipe_town
